AoeStats
← MWPS | VERGATE

Arabia

510444855Analyzed
1v1 RM · 23h ago on Oct 1, 2026· 37m 56s· 2 players
Game mode
Random Map
Map size
Tiny (2 player)
Population
200
Speed
Normal
Resources
Standard
Victory
Conquest
Starting age
Dark Age
Ending age
Imperial Age
RankedLock teamsTeams togetherTeam positionsShared explorationLock speedFull tech treeHidden civsTurbo modeCheats
Victory
Defeat
🇦🇺 Varangians · Australia
1142
+17
🇧🇷 Varangians · Brazil
1123
-15
MWPS | VERGATE
7:04 Loom
9:46 Feudal Age
10:36 Double-Bit Axe
11:04 Horse Collar
16:14 Fletching
18:01 Wheelbarrow
21:51 Castle Age
21:14 Forging
21:16 Bloodlines
21:30 Scale Barding Armor
26:00 Gold Mining
29:53 Iron Casting
31:28 Chain Barding Armor
TheFarmer!
6:03 Loom
9:21 Feudal Age
10:08 Double-Bit Axe
12:03 Horse Collar
16:03 Wheelbarrow
19:51 Castle Age
18:29 Bloodlines
19:40 Forging
19:36 Scale Barding Armor
20:58 Gold Mining
22:01 Husbandry
26:33 Chain Barding Armor
26:58 Bow Saw
36:27 Imperial Age
33:59 Fletching
35:29 Iron Casting
34:32 Light Cavalry
Connection lost

Rejoining the realm…

Still unreachable

The connection could not be restored.

Session expired

The server has moved on; the page needs a fresh start.